 Dungeon Crawl Stone Soup version 0.26-a0-20-g5f92b90fa0 (webtiles) character file.

Game seed: 15124441259955674915, levelgen mode: deterministic

28 HoaS the Ruffian (level 3, -2/36 HPs)
             Began as a Gargoyle Berserker on May 25, 2020.
             Was a Follower of Trog.
             Slain by Sigmund
             ... wielding a +0 scythe
              (7 damage)
             ... on level 2 of the Dungeon.
             The game lasted 00:02:15 (931 turns).

HoaS the Ruffian (Gargoyle Berserker)                Turns: 931, Time: 00:02:15

Health: -2/36      AC:  5    Str: 21    XL:     3   Next: 14%
Magic:  3/3        EV: 12    Int:  7    God:    Trog [*.....]
Gold:   68         SH:  0    Dex:  9    Spells: 2/2 levels left

rFire    . . .     SeeInvis .     - Unarmed
rCold    . . .     Gourm    .   (no shield)
rNeg     + . .     Faith    .   a - +0 animal skin
rPois    ∞         Spirit   .   (no helmet)
rElec    +         Reflect  .   (no cloak)
rCorr    .         Harm     .   (no gloves)
MR       .....                  (no boots)
Stlth    ..........             (no amulet)
HPRegen  0.12/turn              (no ring)
MPRegen  0.08/turn              (no ring)

@: berserking, very quick
A: negative energy resistance 1, electricity resistance, unbreathing,
petrification resistance, rot immunity, AC +3
a: Berserk, Renounce Religion


You were on level 2 of the Dungeon.
You worshipped Trog.
Trog was aware of your devotion.
You were very hungry.

You visited 1 branch of the dungeon, and saw 2 of its levels.

You collected 68 gold pieces.

Inventory:

Armour
 a - a +0 animal skin (worn)
Scrolls
 d - a scroll of teleportation {unknown}
 e - 3 scrolls of remove curse {unknown}
 g - a scroll of enchant armour {unknown}
 i - 2 scrolls of identify {unknown}
Potions
 f - a potion of degeneration {unknown}
 h - 2 potions of curing {unknown}
Comestibles
 b - 3 rations
 c - 3 chunks of flesh


   Skills:
 + Level 3.7 Fighting
 - Level 2.1 Armour
 - Level 1.5 Dodging
 * Level 3.9 Unarmed Combat


You had 2 spell levels left.
You didn't know any spells.
Your spell library was empty.

Dungeon Overview and Level Annotations

Branches:
Dungeon (2/15)

Altars:

Annotations:
D:2 Sigmund


Innate Abilities, Weirdness & Mutations

You are resistant to torment.
Your stone body is resilient. (AC +3)
You are immune to poison.
You resist negative energy. (rN+)
You are resistant to electric shocks. (rElec)
You can survive without breathing.
You are immune to petrification.
You are immune to rotting.


Message History

Deactivating autopickup; reactivate with Ctrl-A.
Something barely misses you.
You hit the kobold.
You kill the kobold!
Trog accepts your kill. Something hits you!
You see here a +0 short sword.
You start resting.
Something hits you.
You start resting.
There is a strange disturbance nearby!
Something hits you!
Ouch! That really hurt!
* * * LOW HITPOINT WARNING * * *
You see here a +0 short sword.
A red film seems to cover your vision as you go berserk!
You feel yourself moving faster!
You feel mighty!
You are feeling very hungry.
Something hits you!
You die...

########### #.........#
#.#...÷.(.# #.#.####..#
####.#.####..######
#..<..............#
#.##.#.####..#.##.# #
#.#.####.....#{#
#.#..........@#^########
#.. .........###.......#
### #######.#.#.##.....#
#>##.###.....# #.####
#.....# #+ #.....#
#####(# #.# ...


There were no monsters in sight!

Vanquished Creatures
  A worm (D:2)
  A dart slug (D:1)
  A giant cockroach (D:1)
  2 goblins (D:1)
  6 hobgoblins (D:1)
  A ball python (D:1)
  3 bats (D:1)
  4 frilled lizards
  2 kobolds
  2 rats (D:1)
23 creatures vanquished.

Notes
Turn   | Place    | Note
-------+----------+-------------------------------------------
     0 | D:1      | HoaS the Gargoyle Berserker began the quest for the Orb.
     0 | D:1      | Reached XP level 1. HP: 14/14 MP: 1/1
    88 | D:1      | Reached XP level 2. HP: 15/19 MP: 2/2
   670 | D:1      | Reached XP level 3. HP: 20/24 MP: 3/3
   906 | D:2      | Noticed Sigmund
   931 | D:2      | Slain by Sigmund

Illustrated notes

Levels and vault maps discovered:
D:1:      lightli_arrival_lavapool, layout_rooms
D:2:      layout_loops_corners, uniq_sigmund

Action                   || total
-------------------------++-------
Melee: Unarmed           ||    79
       Punch             ||     1
Invok: Berserk           ||     1
Armor: Animal skin       ||    17
Dodge: Dodged            ||    58

Table legend:
 A = Non-vault XP
 B = Vault XP
 C = Vault XP percentage of total XP
 D = Non-vault monster count
 E = Vault monster count
 F = Vault count percentage of total count
                 A         B        C        D         E       F
            +---------+---------+-------+---------+---------+-------
      Total |      41 |       0 |   0.0 |      23 |       0 |   0.0
            +---------+---------+-------+---------+---------+-------
        D:1 |      34 |       0 |   0.0 |      20 |       0 |   0.0
        D:2 |       7 |       0 |   0.0 |       3 |       0 |   0.0
            +---------+---------+-------+---------+---------+-------
